cohdb
Replays
Latest Replays
All Replays
Popular Replays
Top Player Replays
Match Explorer
How It Works
Community
CoH3 Stats
Reddit
Sign in to upload your games and track your stats! →
Sign in with Steam
Match 39210356
Unlisted
Match 39210356
Overview
Messages
Build Orders
End
Construct Section Command Post
Vickers Machine Gun Team
Infantry Section
Infantry Section
Construct Platoon Command Post
Humber Armored Car
6-pounder Anti-tank Gun Team
Selects Heavy Armor Battlegroup
Selects Rigorous Vehicle Training
Unlock Bishop Self-propelled Artillery
Bishop Self-propelled Artillery
CMP 15cwt Truck
Light Vehicle Training
6-pounder Anti-tank Gun Team
Vickers Machine Gun Team
Bishop Self-propelled Artillery
Selects Crusader AA Medium Tank
mognats
Sean Connery
Frühstück
Tanith's Finest
checki117
Operator
Hom3s
grapple.boi69
0
0
Comments
sign in to comment!
No comments posted yet!